Map: Ruby Rock LE

Players

HoldTheDoor

  • Race: Protoss Protoss
  • League: Diamond
  • Spawn Location: 11:00

Mazzader - Winner!

  • Race: Zerg Zerg
  • League: Diamond
  • Spawn Location: 5:00

VOD

Have the link to the VOD?

Description

Time

  • Played on: May 23, 2026, 1:48 p.m.
  • Length: 10:35
Show
View Real Time Build Order
Export as new Build Order

HoldTheDoor Protoss 

Build Orders: 1 Gate Expand, Archon Immortal, Dark Templar Rush 

Get SALT Encoding   

  12  0:00  Probe  
  13  0:12  Probe  
  14  0:20  Pylon  
  14  0:24  Probe  
  15  0:34  Probe  
  15  0:41  Gateway  
  15  0:42  Probe  
  17  0:50  Assimilator  
  17  0:52  Probe  
  18  1:05  Probe  
  19  1:23  Nexus  
  19  1:31  Cybernetics Core  
  19  1:35  Probe  
  20  1:46  Pylon  
  20  1:47  Probe  
  21  1:56  Stalker  
  21  1:59  Probe  
  22  2:05  Gateway  
  24  2:11  Probe  
  24  2:15  Assimilator  
  25  2:23  Probe  
  25  2:26  Assimilator  
  25  2:28  Adept  
  28  2:36  Probe x2  
  30  2:48  Probe x2  
  32  3:00  Probe  
  32  3:02  Probe  
  34  3:07  Twilight Council  
  34  3:09  Robotics Facility  
  34  3:12  Probe  
  35  3:14  Probe  
  36  3:24  Probe, Warp Gate  
  36  3:26  Probe  
  38  3:27  Pylon  
  38  3:36  Probe  
  38  3:39  Probe  
  40  3:48  Probe  
  40  3:50  Dark Shrine  
  41  4:11  Pylon  
  41  4:16  Warp Prism  
  41  4:21  Dark Shrine  
  43  4:25  Pylon  
  43  4:29  Probe x2, Pylon  
  45  4:31  Gateway  
  45  4:33  Pylon  
  45  4:34  Gateway  
  45  4:39  Charge  
  45  4:41  Probe  
  46  4:46  Gateway  
  46  4:47  Gateway  
  46  4:49  Probe  
  47  5:00  Nexus  
  47  5:02  Pylon  
  47  5:08  Probe  
  47  5:09  Probe  
  49  5:20  Probe  
  50  5:22  Adept  
  50  5:25  Adept  
  54  5:31  Probe  
  54  5:35  Dark Templar x2  
  59  5:41  Dark Templar  
  59  5:42  Dark Templar  
  63  5:47  Dark Templar  
  63  5:48  Dark Templar  
  67  6:09  Probe x2  
  69  6:12  Archon  
  69  6:13  Zealot x2  
  69  6:14  Zealot  
  75  6:24  Probe x2  
  77  6:28  Forge  
  77  6:30  Gateway  
  77  6:32  Gateway  
  77  6:34  Gateway  
  77  6:35  Gateway  
  77  6:36  Probe x2  
  77  6:37  Gateway  
  77  6:38  Probe  
  80  6:40  Gateway  
  80  6:43  Pylon  
  80  6:46  Zealot x3  
  86  6:47  Immortal  
  86  6:48  Pylon, Probe, Archon  
  86  6:49  Archon  
  86  6:50  Probe  
  86  6:52  Probe  
  86  6:53  Protoss Ground Weapons Level 1  
  93  7:02  Pylon  
  93  7:05  Photon Cannon  
  93  7:14  Photon Cannon  
  93  7:15  Photon Cannon  
  93  7:17  Immortal  
  93  7:19  Probe x2  
  93  7:20  Probe, Pylon  
  100  7:35  Probe x2, Templar Archives  
  102  7:40  Zealot x4  
  110  7:46  Dark Templar x2  
  110  7:49  Dark Templar  
  116  7:51  Dark Templar  
  116  7:53  Observer, Archon  
  116  7:55  Archon  
  119  8:06  Immortal  
  119  8:12  Pylon  
  123  8:19  Photon Cannon  
  123  8:22  Photon Cannon  
  123  8:24  Photon Cannon  
  123  8:26  Photon Cannon  
  123  8:27  Photon Cannon  
  123  8:31  Pylon  
  123  8:32  Zealot x4  
  123  8:33  Zealot x2  
  135  8:34  Zealot  
  137  8:45  Immortal  
  141  8:56  Photon Cannon  
  141  8:58  Photon Cannon  
  141  9:02  Photon Cannon  
  141  9:03  Shield Battery  
  141  9:06  Dark Templar x3  
  141  9:07  Shield Battery  
  141  9:09  Dark Templar, Pylon  
  149  9:11  Archon  
  149  9:13  Archon  
  149  9:23  Zealot x4  
  157  9:27  Immortal  
  101  9:51  Zealot x4  
  101  9:52  Zealot x8  
  103  10:13  Zealot x3  
  103  10:14  Zealot x6  
  95  10:26  Zealot x3  
Show
View Real Time Build Order
Export as new Build Order

Mazzader Zerg - Winner!

Build Orders: Hatch First 

Get SALT Encoding   

  12  0:00  Drone  
  13  0:13  Overlord  
  13  0:18  Drone  
  14  0:33  Drone x2  
  16  0:47  Hatchery  
  15  0:51  Drone  
  15  0:54  Drone  
  17  1:00  Extractor, Drone  
  17  1:07  Drone  
  18  1:18  Spawning Pool  
  18  1:20  Drone  
  18  1:31  Drone  
  19  2:00  Drone  
  19  2:01  Drone  
  21  2:13  Zergling x4  
  21  2:14  Metabolic Boost  
  21  2:15  Queen x2  
  27  2:16  Overlord  
  27  2:18  Drone  
  28  2:35  Drone x4  
  32  2:44  Drone x2  
  34  2:56  Overlord  
  34  2:58  Hatchery  
  34  3:03  Queen  
  35  3:07  Drone  
  36  3:32  Overlord  
  36  3:33  Drone x6  
  36  3:34  Drone x2  
  44  3:42  Overlord  
  44  3:56  Zergling x2  
  44  3:59  Queen  
  47  4:07  Extractor  
  47  4:08  Extractor  
  45  4:10  Drone x2  
  45  4:11  Drone, Evolution Chamber  
  45  4:12  Evolution Chamber  
  45  4:13  Roach Warren  
  45  4:15  Drone x5  
  50  4:22  Drone x3  
  53  4:24  Lair  
  53  4:47  Spore Crawler  
  52  4:54  Spore Crawler  
  52  4:56  Zerg Missile Weapons Level 1  
  52  4:57  Zerg Ground Armor Level 1  
  52  4:59  Queen  
  53  5:01  Roach x2  
  53  5:04  Overlord x3  
  57  5:23  Roach x8  
  57  5:24  Roach x3  
  57  5:26  Overlord  
  79  5:38  Roach  
  79  5:40  Overlord x2  
  81  5:49  Glial Reconstitution  
  81  5:55  Overseer  
  79  6:09  Drone  
  79  6:10  Drone x2  
  82  6:18  Hatchery  
  80  6:29  Roach  
  80  6:30  Roach x8  
  98  6:33  Overlord x3  
  98  6:48  Overlord  
  98  6:53  Drone x3  
  101  7:00  Extractor  
  101  7:01  Drone x3  
  101  7:02  Drone x2  
  101  7:04  Extractor  
  104  7:15  Drone x3  
  107  7:18  Hatchery  
  106  7:34  Drone  
  106  7:35  Drone x6  
  113  7:40  Queen  
  115  7:45  Queen  
  115  7:49  Zerg Missile Weapons Level 2, Zerg Ground Armor Level 2  
  118  7:51  Drone x3  
  118  7:53  Drone x3  
  118  7:54  Roach  
  118  7:55  Roach x3  
  131  8:03  Overlord x2  
  131  8:04  Ravager  
  131  8:05  Ravager x5  
  137  8:08  Overseer x2  
  137  8:32  Roach x4  
  137  8:33  Roach x6  
  159  8:35  Overlord x2  
  157  8:51  Roach  
  157  8:52  Overlord x2  
  157  8:53  Overlord x4  
  159  8:58  Extractor  
  158  9:13  Roach x9  
  158  9:14  Roach x9  
  185  9:34  Roach x8  
  185  9:35  Roach  
  182  9:43  Ravager x3  
  173  9:49  Roach x2  
  173  9:52  Zergling x12  
  181  10:02  Extractor x2  
  181  10:03  Hatchery  
  170  10:13  Roach x6  
Tags
 
Add a new tag
Caveats
  • Supply blocks, unpowered buildings, or Contaminate may cause inaccurate times.
  • Supply counts are checked every 10 seconds.